 Dungeon Crawl Stone Soup version 0.27-a0-380-g150de4c (webtiles) character file.

Game seed: 18125048554627420919

560 MrTaco21 the Cudgeller (level 7, -7/41 HPs)
             Began as a Gargoyle Fighter on Feb 17, 2021.
             Mangled by an orc warrior
             ... wielding a +0 short sword
              (11 damage)
             ... on level 4 of the Dungeon.
             The game lasted 00:08:02 (3447 turns).

MrTaco21 the Cudgeller (Gargoyle Fighter)           Turns: 3447, Time: 00:08:03

Health: -7/41      AC: 12    Str: 21    XL:     7   Next: 31%
Magic:  7/7        EV:  7    Int:  9    God:
Gold:   163        SH:  9    Dex:  9    Spells: 6/6 levels left

rFire    . . .     SeeInvis .   a - +0 flail
rCold    . . .     Faith    .   c - +0 kite shield
rNeg     + . .     Spirit   .   b - +0 scale mail
rPois    ∞         Reflect  .   o - +0 helmet
rElec    +         Harm     .   (no cloak)
rCorr    +         Rampage  .   (no gloves)
Will     .....                  (no boots)
Stlth    ..........             e - amulet of magic regeneration
HPRegen  0.13/turn              g - ring of resist corrosion
MPRegen  0.35/turn              u - +4 ring of slaying

@: no status effects
A: negative energy resistance 1, electricity resistance, unbreathing,
petrification resistance, miasma immunity, AC +4
a: no special abilities


You were on level 4 of the Dungeon.
You visited 1 branch of the dungeon, and saw 4 of its levels.

You collected 163 gold pieces.

Inventory:

Hand Weapons
 a - a +0 flail (weapon)
Armour
 b - a +0 scale mail (worn)
 c - a +0 kite shield (worn)
 o - a +0 helmet (worn)
   (You took it off Robin on level 3 of the Dungeon)
 q - the +2 pair of gloves "Meipn" {Rampage SInv, unknown}
   (You found it on level 4 of the Dungeon)

   It lets you see invisible.
   It bestows one free step when moving towards enemies.
Jewellery
 e - an amulet of magic regeneration (around neck)
   (You found it on level 3 of the Dungeon)
 g - a ring of resist corrosion (left hand)
   (You found it on level 1 of the Dungeon)
 i - a ring of ice
   (You found it on level 2 of the Dungeon)
 u - a +4 ring of slaying (right hand)
   (You found it on level 3 of the Dungeon)
Wands
 k - a wand of mindburst (14)
   (You found it on level 2 of the Dungeon)
Scrolls
 j - 2 scrolls of teleportation {unknown}
 l - a scroll of noise {unknown}
 m - 4 scrolls of identify {unknown}
 n - 2 scrolls of amnesia {unknown}
 s - a scroll of blinking {unknown}
 t - 2 scrolls of fear {unknown}
Potions
 d - 3 potions of might
 f - a potion of attraction {unknown}
 h - a potion of ambrosia {unknown}
 p - a potion of curing {unknown}
 r - 2 potions of degeneration {unknown}


   Skills:
 - Level 3.2 Fighting
 + Level 7.8 Maces & Flails
 - Level 3.2 Armour
 - Level 3.2 Shields


You had 6 spell levels left.
You didn't know any spells.
Your spell library contained the following spells:

 Spells                   Type           Power        Failure   Level
 Beastly Appendage        Tmut           0%           99%         1
 Wereblood                Tmut           0%           100%        2
 Spider Form              Tmut/Pois      0%           100%        3
 Ice Form                 Ice/Tmut       0%           100%        4
 Blade Hands              Tmut           0%           100%        5


Dungeon Overview and Level Annotations

Branches:
Dungeon (4/15)
 Temple: D:4-7

Altars:

Annotations:
D:3 3 runed translucent doors, BobRoberts's ghost, amateur MiBe


Innate Abilities, Weirdness & Mutations

You are resistant to torment.
Your stone body is resilient. (AC +4)
You are immune to poison.
You resist negative energy. (rN+)
You are resistant to electric shocks. (rElec)
You can survive without breathing.
You are immune to petrification.
You are immune to miasma.


Message History

Found a papyrus book.
You pick up a book of Changes and begin reading...
You add the spells Beastly Appendage, Wereblood, Spider Form, Ice Form and Blade Hands to your library.
Found a pair of smoking gloves.
Found a robe.
q - a pair of smoking gloves An orc comes into view.
The orc shouts!
The orc moves out of view.
An orc warrior comes into view. It is wielding a +0 short sword.
An orc warrior is nearby!
A leopard gecko comes into view.
The leopard gecko hisses angrily.
The orc warrior shouts!
An orc comes into view. It is wielding a +0 vorpal falchion.
The orc shouts!
Your scale mail prevents you from hitting the leopard gecko.
The leopard gecko bites you but does no damage. x2
You barely miss the leopard gecko. The leopard gecko bites you.
You hit the leopard gecko. You block the leopard gecko's attack.
The leopard gecko bites you but does no damage.
You hit the leopard gecko.
You kill the leopard gecko!
You hit the orc warrior but do no damage.
The orc warrior barely misses you.
You closely miss the orc warrior. You block the orc warrior's attack.
The orc warrior hits you but does no damage.
You hit the orc warrior but do no damage.
You block the orc warrior's attack.
You closely miss the orc warrior.
The orc warrior hits you with a +0 short sword!
You hit the orc warrior but do no damage.
You block the orc warrior's attack.
You hit the orc warrior. You block the orc warrior's attack.
The orc warrior hits you with a +0 short sword.
You completely miss the orc warrior. The orc warrior closely misses you.
You closely miss the orc warrior. You block the orc warrior's attack.
You sock the orc warrior!
The orc warrior hits you with a +0 short sword!
You sock the orc warrior! You block the orc warrior's attack. x2
You hit the orc warrior. The orc warrior closely misses you.
You hit the orc warrior but do no damage.
You block the orc warrior's attack.
You closely miss the orc warrior. You block the orc warrior's attack.
You barely miss the orc warrior.
The orc warrior hits you with a +0 short sword!
* * * LOW HITPOINT WARNING * * *
The orc warrior hits you with a +0 short sword.
* * * LOW HITPOINT WARNING * * *
The orc warrior hits you with a +0 short sword!
You die...

## .# ##.# ...# #
#######..#.###
#..#.@o......# #.#
#..#.##.#..#.#
#....#.....#.####.#####
#.....###.o........#
#.#.#.# ###........# #
#.#.# #.o......#
#.#.#####........#
#.#....##........# ..
..#....##........#


You could see an orc warrior.

Vanquished Creatures
  6 killer bees (D:3)
  5 orc wizards
  A worker ant (D:4)
  Robin (D:3)
  3 adders
  4 worms
  2 dart slugs (D:2)
  4 leopard geckos
  14 orcs
  2 giant cockroaches (D:1)
  5 hobgoblins
  7 jackals
  11 bats
  13 goblins
  6 kobolds
  9 rats
93 creatures vanquished.

Notes
Turn   | Place    | Note
-------+----------+-------------------------------------------
     0 | D:1      | MrTaco21 the Gargoyle Fighter began the quest for the Orb.
     0 | D:1      | Reached XP level 1. HP: 14/14 MP: 1/1
   128 | D:1      | Reached XP level 2. HP: 15/19 MP: 2/2
   338 | D:1      | Reached skill level 3 in Maces & Flails
   741 | D:2      | Reached XP level 3. HP: 15/23 MP: 3/3
  1129 | D:2      | Reached skill level 4 in Maces & Flails
  1257 | D:2      | Reached XP level 4. HP: 27/28 MP: 4/4
  1569 | D:3      | Noticed Robin
  1754 | D:2      | Reached skill level 5 in Maces & Flails
  1760 | D:2      | Reached XP level 5. HP: 13/32 MP: 5/5
  1960 | D:3      | Killed Robin
  2572 | D:3      | Found a runed translucent gate.
  2572 | D:3      | Found a runed translucent gate.
  2573 | D:3      | Found a runed translucent gate.
  2573 | D:3      | Noticed BobRoberts's ghost (amateur MiBe)
  2738 | D:3      | Reached skill level 6 in Maces & Flails
  2738 | D:3      | Reached XP level 6. HP: 34/37 MP: 6/6
  2769 | D:3      | Reached skill level 7 in Maces & Flails
  2939 | D:3      | Reached XP level 7. HP: 14/41 MP: 7/7
  3393 | D:4      | Got a pair of smoking gloves
  3430 | D:4      | HP: 1/41 [orc warrior/+0 short sword (6)]
  3447 | D:4      | Mangled by an orc warrior

Illustrated notes

Levels and vault maps discovered:
D:1:      amcnicky_arrival_abandoned_market, layout_rooms, dk_noncrumbling_3
D:2:      layout_rooms
D:3:      layout_basic, gammafunk_ghost_split, hangedman_decor_opposing,
          uniq_robin
D:4:      minmay_recursive_quarters, layout_basic

Skill      XL: |  1  2  3  4  5  6 |
---------------+-------------------+-----
Maces & Flails | 3 4 5 6 7 |  7.8
Fighting       | |  3.2
Armour         | |  3.2
Shields        | |  3.2

Action                   |  1- 3 |  4- 6 |  7- 9 || total
-------------------------+-------+-------+-------++-------
Melee: Flail             |   149 |   198 |    45 ||   392
Armor: Scale mail        |    83 |   195 |    18 ||   296
Dodge: Dodged            |    56 |    92 |     6 ||   154
Block: Kite shield       |    90 |   151 |    20 ||   261

Table legend: (Time is in decaauts)
 A = Elapsed time spent in this place.
 B = Non-inter-level travel time spent in this place.
 C = Inter-level travel time spent in this place.
 D = Time resting spent in this place.
 E = Time spent auto-exploring this place.
 F = Levels seen in this place.
 G = Mean time per level.
                   A        B        C        D        E       F      G
               +--------+--------+--------+--------+--------+-----+--------+
         Total |   3603 |   3503 |    100 |    958 |   1684 |   4 |  900.8 |
       Dungeon |   3603 |   3503 |    100 |    958 |   1684 |   4 |  900.8 |
               +--------+--------+--------+--------+--------+-----+--------+

Top non-repeatable levels by time:
     D:3: 1315 daAuts
     D:2: 1297 daAuts
     D:1: 692 daAuts
     D:4: 297 daAuts
